cohdb
Replays
Latest Replays
All Replays
Popular Replays
Top Player Replays
Match Explorer
How It Works
Community
CoH3 Stats
Reddit
Sign in to upload your games and track your stats! →
Sign in with Steam
Match 46410625
Unlisted
Match 46410625
Overview
Messages
Build Orders
End
Construct Infanterie Kompanie
Grenadier Squad
MG 42 Machine Gun Team
Sniper
Grenadier Squad
Construct Panzergrenadier Kompanie
Pioneer Squad
Pak 40 Anti-tank Gun Team
Panzergrenadier Squad
Selects Mechanized Battlegroup
Selects Raid Package
Medical Station
Selects StuG Assault Group
StuG Assault Group
Danobbit
[NiP] SimplyBest
Esxile
leto
0
0
Comments
sign in to comment!
No comments posted yet!